AoeStats
← [00]

Fortress

508722560Analyzed
2v2 RM · 8d ago on Sep 23, 2026· 50m 23s· 4 players
Game mode
Random Map
Map size
Normal (6 player)
Population
200
Speed
Normal
Resources
Standard
Victory
Conquest
Starting age
Dark Age
Ending age
Imperial Age
RankedLock teamsTeams togetherTeam positionsShared explorationLock speedFull tech treeHidden civsTurbo modeCheats
Victory
Defeat
🇨🇭 Turks · Switzerland
1314
+13
🇩🇪 Khmer · Germany
1314
+13
🇺🇸 Mongols · United States
1314
-15
🇺🇸 Britons · United States
1185
-11
#v0dk4
8:41 Feudal Age
9:38 Double-Bit Axe
10:09 Loom
12:28 Castle Age
17:37 Imperial Age
16:20 Padded Archer Armor
29:15 Fletching
32:09 Wheelbarrow
33:19 Fortified Wall
34:40 Hand Cart
36:04 Conscription
37:03 Bloodlines
36:54 Husbandry
37:22 Parthian Tactics
37:31 Bow Saw
37:04 Horse Collar
39:23 Two-Man Saw
38:20 Bodkin Arrow
38:48 Ballistics
40:24 Thumb Ring
40:37 Leather Archer Armor
41:41 Town Watch
42:34 Sipahi
42:47 Bracer
43:17 Ring Archer Armor
43:37 Heavy Cavalry Archer
45:05 Scale Barding Armor
45:10 Forging
46:17 Masonry
47:02 Chain Barding Armor
47:42 Iron Casting
47:22 Caravan
50:36 Plate Barding Armor
50:46 Architecture
50:08 Guard Tower
[00]
7:06 Feudal Age
10:10 Castle Age
8:20 Double-Bit Axe
8:35 Horse Collar
12:09 Bow Saw
13:20 Heavy Plow
16:03 Gold Mining
18:09 Loom
19:11 Wheelbarrow
20:09 Padded Archer Armor
20:15 Scale Barding Armor
21:11 Fletching
23:33 Hand Cart
26:59 Imperial Age
24:56 Bodkin Arrow
25:25 Leather Archer Armor
27:15 Husbandry
28:23 Bracer
29:41 Chemistry
29:56 Ballistics
30:07 Capped Ram
31:27 Ring Archer Armor
31:24 Chain Barding Armor
31:15 Double Crossbow
32:44 Plate Barding Armor
33:13 Town Watch
32:58 Siege Ram
34:26 Light Cavalry
35:16 Bloodlines
34:51 Elite Ballista Elephant
35:38 Hussar
36:58 Conscription
36:59 Tusk Swords
39:44 Forging
44:16 Caravan
47:32 Iron Casting
47:52 Siege Engineers
48:39 Crop Rotation
50:55 Blast Furnace
george
4:28 Loom
9:24 Feudal Age
10:09 Double-Bit Axe
10:08 Horse Collar
12:54 Castle Age
11:57 Fletching
14:00 Bow Saw
13:57 Heavy Plow
14:56 Bodkin Arrow
17:22 Ballistics
17:56 Wheelbarrow
18:15 Thumb Ring
19:15 Wheelbarrow
19:29 Padded Archer Armor
24:07 Bloodlines
25:02 Hand Cart
25:18 Husbandry
26:16 Gold Mining
26:37 Town Watch
27:51 Gold Shaft Mining
33:55 Imperial Age
31:39 Loom
31:40 Town Watch
33:00 Leather Archer Armor
34:16 Masonry
35:00 Drill
34:50 Siege Engineers
34:09 Onager
35:53 Conscription
36:11 Siege Onager
40:02 Caravan
44:08 Hoardings
abid
7:05 Feudal Age
9:09 Loom
12:07 Castle Age
9:55 Double-Bit Axe
10:07 Horse Collar
10:23 Fletching
12:55 Bodkin Arrow
13:25 Bow Saw
16:32 Padded Archer Armor
18:57 Leather Archer Armor
18:40 Crossbowman
22:04 Ballistics
26:44 Yeomen
28:27 Gold Mining
29:21 Wheelbarrow
33:50 Imperial Age
34:35 Onager
36:00 Arbalester
36:37 Onager
37:38 Bracer
40:11 Conscription
46:57 Ring Archer Armor
Connection lost

Rejoining the realm…

Still unreachable

The connection could not be restored.

Session expired

The server has moved on; the page needs a fresh start.